 Dungeon Crawl Stone Soup version 0.24.0-1-gfbc8707 (webtiles) character file.

Game seed: 13847745328318430438, levelgen mode: deterministic

57753 Fang the Warrior (level 14, -1/148 HPs)
             Began as a Gargoyle Berserker on Oct 29, 2019.
             Was a High Priest of Trog.
             Incinerated by Azrael (3 damage)
             ... with a sticky flame
             ... on level 12 of the Dungeon.
             The game lasted 00:20:54 (19335 turns).

Fang the Warrior (Gargoyle Berserker)              Turns: 19335, Time: 00:20:54

Health: -1/148     AC: 28    Str: 30    XL:     14   Next: 87%
Magic:  14/14      EV: 12    Int:  9    God:    Trog [*****.]
Gold:   1084       SH:  0    Dex:  3    Spells: 13/13 levels left

rFire    . . .     SeeInvis +   C - +0 broad axe of Sohucij {elec, rElec rC+ Stlth+}
rCold    + + .     Gourm    +   (no shield)
rNeg     + . .     Faith    .   b - quicksilver dragon scales
rPois    ∞         Spirit   .   H - +2 hat
rElec    +         Reflect  .   (no cloak)
rCorr    .         Harm     .   (no gloves)
MR       ++...                  E - +1 pair of boots {Fly}
Stlth    ..........             o - amulet of the gourmand
HPRegen  0.34/turn              e - ring of Dishonesty {+Blink rElec rC+ Dex-6}
MPRegen  0.14/turn              r - ring of see invisible

@: berserking (expiring), liquid flames, flying, glowing, studying Unarmed
Combat, very quick
A: big wings, negative energy resistance 1, electricity resistance, unbreathing,
petrification resistance, rot immunity, AC +10
a: Stop Flying, Berserk, Trog's Hand, Brothers in Arms, Renounce Religion, Evoke
Blink


You were on level 12 of the Dungeon.
You worshipped Trog.
Trog was extremely pleased with you.
You were full.

You visited 3 branches of the dungeon, and saw 19 of its levels.
You also visited: Ice Cave.

You collected 1084 gold pieces.

Inventory:

Hand Weapons
 a - a +5 battleaxe
 f - a +5 battleaxe of electrocution
 C - the +0 broad axe of Sohucij (weapon) {elec, rElec rC+ Stlth+}
   (You took it off an orc warrior on level 7 of the Dungeon)

   Occasionally, upon striking a foe, it will discharge some electrical energy
   and cause terrible harm.
   It protects you from cold.
   It insulates you from electricity.
   It makes you more stealthy.
 K - a +4 executioner's axe of freezing
Armour
 b - quicksilver dragon scales (worn)
 E - a +1 pair of boots of flying (worn)
 H - a +2 hat (worn)
Jewellery
 e - the ring of Dishonesty (left hand) {+Blink rElec rC+ Dex-6}
   (You found it on level 2 of the Lair of Beasts)

   [ring of dexterity]

   It affects your dexterity (-6).
   It protects you from cold.
   It insulates you from electricity.
   It lets you blink.
 o - an amulet of the gourmand (around neck)
 q - a +2 ring of protection
 r - a ring of see invisible (right hand)
 w - an uncursed ring of stealth
 O - an uncursed amulet of magic regeneration
Wands
 g - a wand of acid (20)
 s - a wand of polymorph (22)
 u - a wand of paralysis (14)
 v - a wand of clouds (8)
 y - a wand of random effects (26)
 z - a wand of disintegration (14)
Scrolls
 i - 4 scrolls of teleportation
 m - 7 scrolls of remove curse
 p - 3 scrolls of fog
 t - 2 scrolls of fear
 F - a scroll of summoning
 J - a scroll of magic mapping
 L - 4 scrolls of identify
Potions
 d - a potion of cancellation
 h - 6 potions of might
 j - a potion of heal wounds
 k - a potion of resistance
 l - 9 potions of curing
 n - 4 potions of mutation
 x - 2 potions of invisibility
 A - 3 potions of agility
 B - 5 potions of haste
 D - a potion of ambrosia
 G - a potion of magic
Books
 I - a manual of Unarmed Combat
Comestibles
 c - 44 rations


   Skills:
 * Level 15.6 Fighting
 * Level 13.4 Axes
 + Level 12.0 Armour
 + Level 9.4 Dodging


You had 13 spell levels left.
You didn't know any spells.
Your spell library was empty.

Dungeon Overview and Level Annotations

Branches:
Dungeon (12/15)            Temple (1/1) D:5            Lair (6/6) D:10
 Shoals (0/4) Lair:3        Snake (0/4) Lair:4        Slime (0/5) Lair:5
    Orc (0/2) D:11          IceCv (visited)

Altars:
Ashenzari
Elyvilon
Fedhas
Gozag
Hepliaklqana
Kikubaaqudgha
Makhleb
Trog
Uskayaw
Vehumet
Wu Jian
Yredelemnul
Beogh
Jiyva

Shops:
D:11 (

Annotations:
D:12 Nessos


Innate Abilities, Weirdness & Mutations

You are resistant to torment.
Your stone body is resilient. (AC +10)
You are immune to poison.
Your large and strong wings let you fly indefinitely.
You resist negative energy. (rN+)
You are resistant to electric shocks. (rElec)
You can survive without breathing.
You are immune to petrification.
You are immune to rotting.


Message History

The fire elemental completely resists.
The fireball engulfs Azrael.
Azrael completely resists.
The fire elemental hits you. The fire elemental burns you!
* * * LOW HITPOINT WARNING * * *
You slice Azrael!! Lightning courses through Azrael!
You kill Azrael!
Trog accepts your kill.
You slash the fire elemental!
You destroy the fire elemental!
Trog accepts your kill.
You miss the fire elemental.
You are covered in liquid flames!
* * * LOW HITPOINT WARNING * * *
You are covered in liquid flames!
* * * LOW HITPOINT WARNING * * *
The fire elemental barely misses you.
You see here a +1 scimitar of flaming.
You feel a strong urge to attack something.
You are covered in liquid flames!
You die...

#...# #####...#
#.......# #..#....#
#.......### <..######.#
##.'......#
...#############+#######
................@.^.°...
...#..#.......○E).E☼#°..
#..#.(....#.........#
#............#..##..#
.......................
##+############+##....##
.#.# ...# +##


You could see 2 fire elementals.

Vanquished Creatures
  Kirke (Lair:6)
  Azrael (D:12)
  A dire elephant (Lair:3)
  The ghost of Oluanan the Fighter, a journeyman DsFi of Hepliaklqana (Lair:3)
  4 hydras
  2 catoblepae
  Erica (Lair:2)
  A two-headed ogre (D:8)
  22 death yaks
  Urug (Lair:1)
  Sonja (Lair:5)
  Nergalle (Lair:1)
  A lindwurm (Lair:6)
  Pikel (D:6)
  2 elephants (Lair:6)
  3 black mambas
  9 spiny frogs
  A gargoyle (D:10)
  A rime drake (Lair:4)
  4 komodo dragons
  The ghost of PimpSugar the Magician, a novice DEWz of Vehumet (D:6)
  A queen bee (Lair:4)
  A troll (D:9)
  A polar bear (Lair:6)
  A hornet (D:11)
  3 meliai (Lair:4)
  7 dream sheep (Lair:4)
  11 hippogriffs
  A wraith (D:10)
  2 wyverns (Lair:4)
  39 yaks
  3 fire elementals (D:12)
  2 steam dragons (D:9)
  6 basilisks
  3 hungry ghosts
  4 hogs (Lair:6)
  Menkaure (D:5)
  18 water moccasins
  A hell hound (D:12)
  9 porcupines
  An ice beast (D:9)
  A slave (D:6)
  6 orc warriors
  4 eyes of draining
  2 black bears
  2 necrophages
  6 ogres
  5 phantoms
  4 centaurs
  15 wolves
  3 big kobolds
  11 crocodiles
  9 bullfrogs
  A water moccasin zombie (D:5)
  A wyvern skeleton (D:8)
  4 scorpions
  27 killer bees (Lair:4)
  7 wights
  An electric eel (Lair:6)
  5 howler monkeys
  2 centaur zombies
  3 crimson imps
  2 jellies
  A bullfrog skeleton (D:11)
  7 hounds
  7 orc priests
  12 orc wizards
  2 centaur skeletons
  4 iguanas
  Terence (D:2)
  5 hell rats (Lair:5)
  10 worker ants
  A killer bee zombie (D:10)
  A worker ant zombie (D:8)
  13 adders
  A river rat (Lair:4)
  2 shadow imps
  An ooze (D:1)
  2 adder zombies (D:6)
  3 worms
  2 dart slugs (D:1)
  7 leopard geckos
  58 orcs
  4 giant cockroaches
  13 goblins
  6 hobgoblins
  16 jackals
  24 kobolds
  3 quokkas
  6 ball pythons
  10 bats
  8 frilled lizards
  2 jackal skeletons
  A leopard gecko skeleton (D:6)
  2 quokka skeletons (D:4)
  11 rats
  3 fungi
  2 plants
547 creatures vanquished.

Vanquished Creatures (collateral kills)
  A deep troll shaman (Lair:6)
  A death yak (Lair:6)
  The ghost of KoboldVaak the Grave Robber, a novice KoNe (D:7)
  2 orc warriors (D:7)
  A bullfrog (Lair:3)
  2 orc priests (D:7)
  3 orc wizards (D:7)
  16 orcs (D:7)
27 creatures vanquished.

Vanquished Creatures (others)
  A polar bear (IceCv)
  A human (Lair:6)
  A wight (D:12)
  3 bushes (Lair:6)
  17 fungi (Lair:6)
  9 plants
32 creatures vanquished.

Grand Total: 606 creatures vanquished

Notes
Turn   | Place    | Note
-------+----------+-------------------------------------------
     0 | D:1      | Fang the Gargoyle Berserker began the quest for the Orb.
     0 | D:1      | Reached XP level 1. HP: 14/14 MP: 1/1
    36 | D:1      | Reached XP level 2. HP: 10/19 MP: 2/2
   296 | D:1      | Reached XP level 3. HP: 16/23 MP: 3/3
   373 | D:1      | Reached ** piety under Trog
   874 | D:2      | Noticed Terence
   888 | D:2      | Killed Terence
   888 | D:2      | Reached skill level 4 in Fighting
   888 | D:2      | Reached XP level 4. HP: 13/29 MP: 4/4
  1661 | D:2      | Reached XP level 5. HP: 33/33 MP: 5/5
  2447 | D:3      | Reached XP level 6. HP: 37/39 MP: 6/6
  2516 | D:3      | Reached *** piety under Trog
  2907 | D:4      | Reached skill level 5 in Fighting
  3332 | D:4      | Reached XP level 7. HP: 44/44 MP: 7/7
  3972 | D:5      | Entered Level 5 of the Dungeon
  4216 | D:5      | Noticed Menkaure
  4224 | D:5      | Killed Menkaure
  4224 | D:5      | Reached skill level 5 in Armour
  4304 | D:5      | Reached XP level 8. HP: 42/51 MP: 8/8
  4333 | D:5      | Reached skill level 6 in Fighting
  4344 | D:5      | Found a staircase to the Ecumenical Temple.
  4433 | D:5      | Found a white marble altar of Elyvilon.
  4442 | D:5      | Found a blossoming altar of Fedhas.
  4449 | D:5      | Found a shattered altar of Ashenzari.
  4449 | D:5      | Found an ancient bone altar of Kikubaaqudgha.
  4450 | D:5      | Found a hazy altar of Hepliaklqana.
  4451 | D:5      | Found a radiant altar of Vehumet.
  4452 | D:5      | Found an ornate altar of the Wu Jian Council.
  4453 | D:5      | Found an opulent altar of Gozag.
  4454 | D:5      | Found a hide-covered altar of Uskayaw.
  4485 | D:5      | Found a burning altar of Makhleb.
  4618 | Temple   | Entered the Ecumenical Temple
  4649 | D:6      | Reached skill level 5 in Axes
  4650 | D:6      | Reached **** piety under Trog
  4738 | D:6      | Found a large runed translucent door.
  4738 | D:6      | Found a large runed translucent door.
  4738 | D:6      | Noticed PimpSugar's ghost (novice DEWz)
  4841 | D:6      | Noticed Pikel
  4853 | D:6      | Killed Pikel
  4853 | D:6      | Reached skill level 7 in Fighting
  4853 | D:6      | Reached XP level 9. HP: 57/57 MP: 9/9
  5287 | D:6      | Killed PimpSugar's ghost
  5526 | D:7      | Found a runed translucent door.
  5687 | D:7      | Reached skill level 8 in Fighting
  5687 | D:7      | Reached skill level 5 in Dodging
  5688 | D:7      | Found a runed translucent gate.
  5729 | D:7      | Found a runed translucent gate.
  5734 | D:7      | Found a runed translucent gate.
  5909 | D:7      | Noticed KoboldVaak's ghost (novice KoNe)
  5910 | D:7      | Identified the cursed +0 broad axe of Sohucij {elec, rElec
                  | rC+ Stlth+}
  5910 | D:7      | Identified the +3 chain mail "Difriell" {rN+}
  6438 | D:7      | Found a basalt altar of Yredelemnul.
  6438 | D:7      | Found a bloodstained altar of Trog.
  6565 | D:7      | Found a roughly hewn altar of Beogh.
  6756 | D:7      | Found a roughly hewn altar of Beogh.
  7065 | D:7      | Killed KoboldVaak's ghost
  7569 | D:8      | Reached XP level 10. HP: 65/65 MP: 10/10
  7589 | D:8      | Reached skill level 9 in Fighting
  7701 | D:8      | Noticed a two-headed ogre
  7714 | D:8      | Killed a two-headed ogre
  8099 | D:9      | Reached ***** piety under Trog
  8099 | D:9      | Reached skill level 10 in Fighting
  8862 | D:9      | Reached XP level 11. HP: 65/73 MP: 11/11
  9056 | D:10     | Entered Level 10 of the Dungeon
  9306 | D:10     | Reached skill level 11 in Fighting
  9419 | D:10     | Found a staircase to the Lair.
  9437 | D:10     | Received a gift from Trog
  9860 | D:11     | Noticed an eight-headed hydra
  9886 | D:11     | Killed a 17-headed hydra
 10243 | D:11     | Found a staircase to the Orcish Mines.
 10360 | D:11     | Noticed a six-headed hydra
 10368 | D:11     | Killed a ten-headed hydra
 10368 | D:11     | Reached skill level 10 in Axes
 10614 | D:11     | Found Yluan's Weapon Emporium.
 10932 | Lair:1   | Entered Level 1 of the Lair of Beasts
 10935 | Lair:1   | Noticed Urug
 10936 | Lair:1   | Found a frozen archway.
 10945 | Lair:1   | Reached XP level 12. HP: 73/81 MP: 12/12
 10950 | Lair:1   | Reached skill level 12 in Fighting
 10958 | Lair:1   | Killed Urug
 11313 | Lair:1   | Noticed Nergalle
 11329 | Lair:1   | Killed Nergalle
 11492 | IceCv    | Entered an ice cave
 11596 | Lair:2   | Noticed Erica
 11613 | Lair:2   | Killed Erica
 11885 | Lair:2   | Got a transparent bronze ring
 11949 | Lair:2   | Noticed a catoblepas
 11953 | Lair:2   | Identified the cursed ring of Dishonesty {+Blink rElec rC+
                  | Dex-6} (You found it on level 2 of the Lair of Beasts)
 11959 | Lair:2   | Killed a catoblepas
 12045 | Lair:2   | Reached skill level 10 in Armour
 12544 | Lair:3   | Noticed Oluanan's ghost (journeyman DsFi)
 12551 | Lair:3   | Noticed a dire elephant
 12557 | Lair:3   | Found a runed translucent gate.
 12557 | Lair:3   | Found a runed translucent gate.
 12557 | Lair:3   | Found a runed translucent gate.
 12606 | Lair:3   | Killed a dire elephant
 12613 | Lair:3   | Killed Oluanan's ghost
 12613 | Lair:3   | Reached skill level 13 in Fighting
 12872 | Lair:3   | Found a staircase to the Shoals.
 12913 | Lair:3   | Reached XP level 13. HP: 54/88 MP: 13/13
 13613 | Lair:4   | Found a staircase to the Snake Pit.
 13814 | Lair:4   | Received a gift from Trog
 14099 | Lair:4   | Reached ****** piety under Trog
 14263 | Lair:4   | Reached skill level 14 in Fighting
 15148 | Lair:5   | You are sucked into a shaft and drop 1 floor!
 15148 | Lair:6   | Entered Level 6 of the Lair of Beasts
 15155 | Lair:5   | Found a viscous altar of Jiyva.
 15155 | Lair:5   | Found a staircase to the Slime Pits.
 15611 | Lair:5   | Noticed Sonja
 15638 | Lair:5   | Killed Sonja
 15766 | Lair:5   | Gained mutation: Your large and strong wings let you fly
                  | indefinitely. [Gargoyle growth]
 15766 | Lair:5   | Reached XP level 14. HP: 26/96 MP: 14/14
 16545 | Lair:5   | Identified a scroll of acquirement
 16600 | Lair:6   | Noticed Kirke
 16615 | Lair:6   | Killed Kirke
 16683 | Lair:6   | Received a gift from Trog
 17321 | Lair:6   | Reached skill level 15 in Fighting
 18918 | D:12     | Noticed Nessos
 19317 | D:12     | Noticed Azrael
 19333 | D:12     | Killed Azrael
 19333 | D:12     | HP: 5/148 [burnt (4)]
 19334 | D:12     | HP: 2/148 [burnt (3)]
 19335 | D:12     | Incinerated by Azrael

Levels and vault maps discovered:
D:1:      onia_arrival_handbag, layout_basic, minmay_3d_cube
D:2:      layout_basic, uniq_terence
D:3:      layout_rooms, minmay_between
D:4:      layout_layer_cave, first_ration
D:5:      layout_cave_pools, lightli_temple_of_fire, minitemple,
          minmay_temple_entry_grid, uniq_menkaure
D:6:      layout_basic, ebering_ghost_disaster_area, minmay_ogre_servants,
          uniq_pikel
D:7:      layout_loops_corners, gammafunk_temple_overflow_wave,
          biasface_ghost_orc_armoury, grunt_ogre_cave, lightli_church_of_beogh
D:8:      layout_cave_pools
D:9:      cheibrodos_steamvent, layout_irregular_city
D:10:     layout_rooms, lair_entry_dummy, minmay_misc_feat_x
D:11:     layout_big_octagon, orc_0_dummy, serial_shops, shop, bh_walls_and_bars
D:12:     layout_stronghold, basic_altar, roderic_roman_lattice, uniq_nessos,
          uniq_erolcha, uniq_azrael
Temple:   compressed_dpeg_circular_temple
Lair:1:   layout_misc_corridors, portal_ice_cave_entry_pillars_1,
          serial_bayou_shore_b, uniq_nergalle, uniq_urug
Lair:2:   layout_regular_city, uniq_erica
Lair:3:   layout_concentric_octagons, elwin_shoals_entry_rocks,
          gammafunk_ghost_split, beast_lair_carwin_6
Lair:4:   regret_index_bee_streams, layout_regular_city,
          minmay_snake_entry_six_corridors
Lair:5:   layout_cave_shapes, slime_altar_1, uniq_sonja
Lair:6:   grunt_lair_end_beastmaster, layout_regular_city, st_stairs_9,
          lookout_lair_type, nicolae_quartered_pool_little,
          chequers_serial_rivers_micro_d, uniq_kirke

Skill      XL: |  1  2  3  4  5  6  7  8  9 10 11 12 13 14 |
---------------+-------------------------------------------+-----
Axes           | 3 4 6 7 8 10 11 12 13 | 13.4
Dodging        | 2 3 4 5 6 7 8 9 |  9.4
Fighting       | 4 5 7 8 10 11 13 14 15 | 15.6
Armour         | 3 4 5 6 7 8 9 10 11 12 | 12.0

Action                   |  1- 3 |  4- 6 |  7- 9 | 10-12 | 13-15 || total
-------------------------+-------+-------+-------+-------+-------++-------
Melee: Hand axe          |   111 |   252 |   329 |       |       ||   692
       Broad axe         |       |       |    24 |   595 |   565 ||  1184
       War axe           |       |       |    14 |       |       ||    14
       Executioner's axe |       |       |       |       |    28 ||    28
Invok: Berserk           |     3 |     2 |     7 |     7 |    11 ||    30
       Brothers in Arms  |       |       |     2 |     2 |     2 ||     6
       Trog's Hand       |       |       |       |     1 |       ||     1
  Use: Scroll            |       |       |       |    29 |    11 ||    40
       Potion            |       |       |       |     1 |     2 ||     3
 Stab: Sleeping          |       |       |       |     1 |     1 ||     2
       Petrified         |       |       |       |       |    11 ||    11
  Eat: Chunk             |     2 |    24 |    21 |    53 |    28 ||   128
       Ration            |       |     1 |       |       |       ||     1
Armor: Animal skin       |    38 |    27 |       |       |       ||    65
       Chain mail        |       |   182 |       |       |       ||   182
       Quicksilver drago |       |       |   241 |   481 |   651 ||  1373
Dodge: Dodged            |    90 |   159 |   310 |   495 |   616 ||  1670
